 Dungeon Sprint DCSS version 0.24-a0-243-g8f5f5cd (webtiles) character file.

Game seed: 2856225396617917153

58 MikeHunt the Slasher (level 4, -8/42 HPs)
             Began as a Naga Fighter on Apr 10, 2019.
             Was an Initiate of Gozag.
             Killed by divine providence
             ... invoked by an oklob sapling priest
              (16 damage)
             ... in the Dungeon (Sprint IV: "Fedhas' Mad Dash").
             The game lasted 00:01:24 (178 turns).

MikeHunt the Slasher (Naga Fighter)                  Turns: 178, Time: 00:01:25

Health: -8/42      AC:  0    Str: 19    XL:     4   Next: 2%
Magic:  3/4        EV:  7    Int:  8    God:    Gozag
Gold:   44         SH:  0    Dex: 11    Spells: 3/3 levels left

rFire    . . .     SeeInvis +   a - +0 long sword
rCold    . . .     Gourm    .   (no shield)
rNeg     . . .     Faith    .   b - +0 scale mail
rPois    +         Spirit   .   (no helmet)
rElec    .         Reflect  .   (no cloak)
rCorr    .         Harm     .   (no gloves)
MR       .....     NoTele   +   (no barding)
Stlth    ..........             j - amulet of invisibility {+Inv}
HPRegen  0.14/turn              (no ring)
MPRegen  0.09/turn              (no ring)

@: corroded, very slightly contaminated, hasted, quick
A: large, see invisible, deformed body, poison resistance, slowness 2, slow
metabolism 1, spit poison 1, AC +1
a: Spit Poison, Potion Petition, Call Merchant, Bribe Branch, Renounce Religion,
Evoke Invisibility


You were in the Dungeon.
You worshipped Gozag.
Gozag was noncommittal.
You were not hungry.

You visited 1 branch You collected 44 gold pieces.

Inventory:

Hand Weapons
 a - a +0 long sword (weapon)
Armour
 b - a +0 scale mail (worn)
 c - a +0 shield
Jewellery
 j - the amulet of invisibility (around neck) {+Inv}
   (You found it in the Dungeon)

   [amulet of nothing]

   It lets you turn invisible.
Scrolls
 k - a scroll of blinking
Potions
 d - a potion of might
 e - a potion of curing
 h - a potion of haste
 i - 3 potions of magic
Comestibles
 f - 2 rations


   Skills:
 - Level 3.0 Fighting
 + Level 7.7 Long Blades
 - Level 2.4 Armour
 - Level 2.4 Shields


You had 3 spell levels left.
You didn't know any spells.
Your spell library was empty.

Dungeon Overview and Level Annotations

Branches:
Dungeon (1/1)

Altars:
Cheibriados
Dithmenos
Elyvilon
Gozag
Hepliaklqana
Kikubaaqudgha
Makhleb
Nemelex Xobeh
Okawaru
Qazlal
Ru
Sif Muna
Trog
Uskayaw
Vehumet
Wu Jian
Xom
Yredelemnul
Zin
The Shining One
Beogh
Jiyva
Lugonu

Annotations:
D exclusion: oklob sapling


Innate Abilities, Weirdness & Mutations

You cannot wear boots.
Your serpentine skin is tough. (AC +1)
You have supernaturally acute eyesight. (SInv)
Armour fits poorly on your strangely shaped body.
Your system is resistant to poisons. (rPois)
You cover ground very slowly.
You have a slow metabolism.
You can spit poison.


Message History

The splash of acid hits you!
You are splashed with acid!
* * * LOW HITPOINT WARNING * * *
You hit the oklob sapling priest but do no damage.
The oklob sapling priest is lightly damaged.
The oklob sapling priest looks braver for a moment.
You hit the oklob sapling priest but do no damage.
The oklob sapling priest is lightly damaged.
You hit the oklob sapling priest.
The oklob sapling priest is moderately damaged.
The oklob sapling priest casts a cantrip, but nothing happens.
You hit the oklob sapling priest but do no damage.
The oklob sapling priest is moderately damaged.
You hit the oklob sapling priest.
The oklob sapling priest is moderately damaged.
You hit the oklob sapling priest but do no damage.
The oklob sapling priest is moderately damaged.
The oklob sapling priest mumbles some strange prayers to its god against you.
Something smites you!
You die...
Your body crumbles into a pile of gold.

########################
....#.....#.⌠._._._._.⌠.
$
....'.#...'.._._._._._..
$ $
....#.#...#..._.@P_._...
########+##.._._._._._..
$ #._._._._._.⌠. $
$############## $ $$ $


You could see an oklob sapling priest.

Vanquished Creatures
  An oklob sapling (D)
  A worker ant (D)
  A river rat (D)
  A rat (D)
4 creatures vanquished.

Notes
Turn   | Place    | Note
-------+----------+-------------------------------------------
     0 | D        | MikeHunt the Naga Fighter began the quest for the Orb.
     0 | D        | Reached XP level 1. HP: 21/21 MP: 1/1
     9 | D        | Reached skill level 4 in Long Blades
     9 | D        | Reached XP level 2. HP: 28/28 MP: 2/2
    27 | D        | Noticed an oklob sapling
    29 | D        | Killed an oklob sapling
    29 | D        | Reached skill level 6 in Long Blades
    29 | D        | Reached XP level 3. HP: 34/34 MP: 3/3
    32 | D        | Found the amulet of invisibility {+Inv}
    34 | D        | Reached skill level 7 in Long Blades
    34 | D        | Reached XP level 4. HP: 42/42 MP: 4/4
   159 | D        | Found an opulent altar of Gozag.
   159 | D        | Found a hazy altar of Hepliaklqana.
   159 | D        | Found a burning altar of Makhleb.
   159 | D        | Found a roughly hewn altar of Beogh.
   159 | D        | Found a sparkling altar of Nemelex Xobeh.
   159 | D        | Found a snail-covered altar of Cheibriados.
   159 | D        | Found a sacrificial altar of Ru.
   159 | D        | Found a deep blue altar of Sif Muna.
   159 | D        | Found a shimmering altar of Xom.
   159 | D        | Found a basalt altar of Yredelemnul.
   160 | D        | Found a viscous altar of Jiyva.
   160 | D        | Found a bloodstained altar of Trog.
   160 | D        | Found an ornate altar of the Wu Jian Council.
   160 | D        | Noticed an oklob sapling priest
   161 | D        | Found an iron altar of Okawaru.
   161 | D        | Found a glowing silver altar of Zin.
   161 | D        | Found a shadowy altar of Dithmenos.
   162 | D        | Found an ancient bone altar of Kikubaaqudgha.
   162 | D        | Found a hide-covered altar of Uskayaw.
   163 | D        | Found a stormy altar of Qazlal.
   163 | D        | Found a white marble altar of Elyvilon.
   163 | D        | Found a glowing golden altar of the Shining One.
   164 | D        | Became a worshipper of Gozag Ym Sagoz the Greedy
   165 | D        | Found a radiant altar of Vehumet.
   165 | D        | Found a corrupted altar of Lugonu.
   178 | D        | Killed from afar by an oklob sapling priest

Levels and vault maps discovered:
D:        dungeon_sprint_fedhas [sprint_temple]

Skill      XL: |  1  2  3 |
---------------+----------+-----
Long Blades    | 4 6 7 |  7.7
Fighting       | |  3.0
Armour         | |  2.4
Shields        | |  2.4

Action                   |  1- 3 |  4- 6 || total
-------------------------+-------+-------++-------
Melee: Long sword        |     6 |     9 ||    15
Invok: Potion Petition   |       |     1 ||     1
 Abil: Spit Poison       |     2 |       ||     2
       Evoke Invisibilit |       |     1 ||     1
  Use: Potion            |     1 |     1 ||     2
 Stab: Invisible         |       |     1 ||     1
Armor: Scale mail        |     2 |       ||     2

Table legend:
 A = Non-vault XP
 B = Vault XP
 C = Vault XP percentage of total XP
 D = Non-vault monster count
 E = Vault monster count
 F = Vault count percentage of total count
                 A         B        C        D         E       F
            +---------+---------+-------+---------+---------+-------
      Total |       0 |      84 | 100.0 |       0 |       4 | 100.0
            +---------+---------+-------+---------+---------+-------
          D |       0 |      84 | 100.0 |       0 |       4 | 100.0
            +---------+---------+-------+---------+---------+-------
